 Dungeon Crawl Stone Soup version 0.29.1-2-gbd0b4ee654 (webtiles) character file.

Game seed: 4843285641440789259

5668 funnyparkerb the Nimble (level 10, -20/42 (46) HPs)
             Began as a Felid Summoner on Nov 12, 2022.
             Was an Initiate of Gozag.
             Demolished by an orc warrior
             ... wielding a +0 glaive
              (21 damage)
             ... on level 10 of the Dungeon.
             The game lasted 00:23:52 (14370 turns).

funnyparkerb the Nimble (Felid Summoner)           Turns: 14370, Time: 00:23:52

HP:   -20/42 (46)   AC:  2    Str:  4    XL:     10   Next: 47%
MP:   15/22         EV: 24    Int: 20    God:    Gozag
Gold: 1811          SH:  5    Dex: 18    Spells: 11/24 levels left
                                        Lives: 0   Deaths: 3

rFire   . . .      SeeInvis +   (weapon unavailable)
rCold   . . .      Faith    .   (shield unavailable)
rNeg    . . .      Spirit   .   (body armour unavailable)
rPois   .          Reflect  +   (helmet unavailable)
rElec   .          Harm     .   (cloak unavailable)
rCorr   .          Rampage  .   (gloves unavailable)
Will    ++...                   (boots unavailable)
Stlth   ++........              m - amulet of reflection
HPRegen 0.14/turn               w - ring of willpower
MPRegen 0.18/turn               C - ring of flight

@: gold aura, flying, drained, quick
A: very small, claws 1, fangs 3, see invisible, speed 1, shaggy fur 2, stealthy
paws, no weapons or thrown items, no armour, multi-lived
a: Renounce Religion, Potion Petition, Call Merchant, Bribe Branch


You were on level 10 of the Dungeon.
You worshipped Gozag.
Gozag was most pleased with you.
You visited 1 branch of the dungeon, and saw 10 of its levels.

You collected 1866 gold pieces.
You paid 55 gold pieces to Gozag.

Inventory:

Jewellery
 m - an amulet of reflection (around neck)
 w - a ring of willpower (left paw)
 C - a ring of flight (right paw)
 E - an amulet of the acrobat
Wands
 u - a wand of flame (36)
 D - a wand of mindburst (4)
Scrolls
 b - a scroll of magic mapping
 d - 9 scrolls of identify {unknown}
 f - 3 scrolls of amnesia {unknown}
 i - 2 scrolls of poison {unknown}
 j - a scroll of noise {unknown}
 k - a scroll of butterflies {unknown}
 n - 2 scrolls of enchant weapon {unknown}
 q - 4 scrolls of teleportation {unknown}
 r - a scroll of blinking {unknown}
 t - 2 scrolls of enchant armour {unknown}
 y - 2 scrolls of vulnerability {unknown}
 z - 3 scrolls of silence {unknown}
Potions
 a - 2 potions of magic
 c - 4 potions of curing
 e - a potion of brilliance {unknown}
 g - 2 potions of haste {unknown}
 h - 4 potions of heal wounds {unknown}
 l - a potion of degeneration {unknown}
 o - 3 potions of attraction {unknown}
 p - 2 potions of invisibility {unknown}
 s - a potion of lignification {unknown}
 v - a potion of mutation {unknown}
 x - a potion of ambrosia {unknown}
 A - a potion of berserk rage {unknown}
 B - a potion of flight {unknown}


   Skills:
 + Level 6.9 Fighting
 + Level 9.6 Dodging
 - Level 2.6 Stealth
 + Level 7.9 Spellcasting
 - Level 5.0 Hexes
 + Level 9.3 Summonings
 + Level 6.3 Air Magic


You had 11 spell levels left.
You knew the following spells:

 Your Spells              Type           Power      Damage    Failure   Level
a - Summon Small Mammal   Summ           100%       N/A       1%          1
b - Call Imp              Summ           45%        N/A       1%          2
c - Call Canine Familiar  Summ           45%        N/A       1%          3
d - Summon Guardian Gole  Hex/Summ       36%        N/A       1%          3
e - Summon Lightning Spi  Summ/Air       39%        N/A       3%          4

Your spell library contained the following spells:

 Spells                   Type           Power      Damage    Failure   Level
 Poisonous Vapours        Pois/Air       40%        N/A       3%          2
 Sting                    Tmut/Pois      28%        1d4       9%          1
 Summon Ice Beast         Ice/Summ       26%        N/A       12%         4
 Frozen Ramparts          Ice            14%        1d3       26%         3
 Leda's Liquefaction      Hex/Erth       8%         N/A       30%         4
 Ice Form                 Ice/Tmut       7%         N/A       65%         4
 Olgreb's Toxic Radiance  Pois           7%         N/A       65%         4
 Fireball                 Conj/Fire      3%         3d4       94%         5
 Iskenderun's Battlesphe  Conj           7%         2d6       94%         5
 Conjure Ball Lightning   Conj/Air       10%        3x3d6     98%         6
 Orb of Destruction       Conj           3%         9d5       100%        7
 Portal Projectile        Hex/Tloc       Unusable   N/A       N/A         3

Dungeon Overview and Level Annotations

Branches:
Dungeon (10/15)            Temple (0/1) D:7            Lair (0/5) D:10
    Orc (0/2) D:9

Altars:
Dithmenos
Elyvilon
Fedhas
Gozag
Kikubaaqudgha
Makhleb
Nemelex Xobeh
Ru
Xom
Yredelemnul

Shops:
D:1 !   D:7 (

Annotations:
D:5 3 runed translucent doors, jamesblauser's ghost, amateur DjNe
D:10 Nergalle


Innate Abilities, Weirdness & Mutations

You have sharp claws.
You have razor-sharp teeth.
You have supernaturally acute eyesight. (SInv)
You cover ground quickly. (Speed+)
You are covered in thick fur. (AC +2)
Your paws help you pounce on unaware monsters.
You are incapable of wielding weapons or throwing items.
You cannot wear armour.
You gain extra lives every three experience levels.


Message History

Flame seeps out of your guardian golem.
The orc warrior hits you from afar with a +0 glaive!
* * * LOW HITPOINT WARNING * * *
Your white imp barely misses Nergalle.
Your wolf bites Nergalle.
Your wolf bites Nergalle but does no damage.
The spectral orc warrior closely misses you.
Nergalle hits your guardian golem with a +0 dagger.
Flame seeps out of your guardian golem. The orc warrior closely misses you.
Your guardian golem is engulfed in blazing flames.
Flame seeps out of your guardian golem.
Your white imp closely misses Nergalle.
Your guardian golem disappears in a puff of smoke!
Your wolf barely misses Nergalle.
The spectral orc warrior is distracted by your dazzling golden aura.
Your wolf closely misses Nergalle.
The orc warrior closely misses you.
Nergalle hits your white imp with a +0 dagger.
Your white imp closely misses Nergalle.
Okay, then.
As you read the scroll labelled CEWOUWIKIM, it crumbles to dust.
You feel aware of your surroundings.
You sensed 1 altar.
It was a scroll of magic mapping.
The spectral orc warrior is no longer distracted by gold.
Your wolf bites Nergalle but does no damage.
The spectral orc warrior completely misses you.
You block the orc warrior's attack.
Your lightning spire shoots out a bolt of lightning at Nergalle!
The bolt of electricity hits your white imp!
Your white imp dies!
Your white imp disappears in a puff of smoke!
The bolt of electricity hits Nergalle!
Okay, then.
You feel better.
Your wolf barely misses Nergalle.
Your wolf completely misses Nergalle.
The spectral orc warrior hits you with a +0 scimitar!
* * * LOW HITPOINT WARNING * * *
You feel drained.
The orc warrior hits you from afar with a +0 glaive!!
Ouch! That really hurt!
You die...
Your body crumbles into a pile of gold.

######### #....#
........# #.##.##
........####.....#####
............###$.....#
............# ##..#8##
............###ho...#
............+.#....##
............#.......#
#...........<..o@Z.##
######.....#........#
#....########.o$....#
..##.# ##......##
####.#######.....#.#
...>..........#....#*
#.#.#.#####.....##..#
..#......##.........#
..#.####.....#._.#..#


You could see Nergalle (ally target), a spectral orc warrior (summoned), an orc
warrior, an orc wizard (invisible), a friendly wolf (summoned) and a friendly
lightning spire (summoned).

Vanquished Creatures
  A steam dragon (D:6)
  A bullfrog (D:7)
  A necrophage (D:6)
  A scorpion (D:6)
  A wight (D:8)
  A howler monkey (D:9)
  An adder (D:6)
  A white imp (D:5)
  A worm (D:3)
  3 orcs
  3 bats
  4 endoplasms
  A giant cockroach (D:1)
  4 goblins
  A hobgoblin (D:1)
  A quokka (D:5)
  2 ball pythons
  A frilled lizard (D:3)
  2 kobolds (D:7)
  2 rats
33 creatures vanquished.

Vanquished Creatures (collateral kills)
  A boulder beetle (D:9)
  2 trolls (D:10)
  10 yaks
  A vampire (D:9)
  2 wyverns (D:10)
  A steam dragon (D:9)
  3 orc warriors (D:9)
  A water moccasin (D:6)
  3 wolves (D:10)
  A phantom (D:6)
  4 bullfrogs
  A kobold brigand (D:9)
  5 scorpions
  3 wights (D:8)
  An electric eel (D:10)
  4 howler monkeys
  3 jellies (D:5)
  6 orc priests
  5 hounds
  2 iguanas (D:5)
  6 orc wizards
  7 gnolls
  6 adders
  An ufetubus (D:5)
  A worm (D:2)
  2 dart slugs
  35 orcs
  A ball python (D:1)
  4 bats
  6 endoplasms
  5 giant cockroaches
  5 goblins
  7 hobgoblins
  6 jackals
  10 kobolds
  5 quokkas
  2 frilled lizards
  2 rats (D:3)
170 creatures vanquished.

Vanquished Creatures (others)
  A two-headed ogre (D:9)
  A wyvern (D:6)
  5 yaks
  4 orc warriors
  An ogre (D:7)
  2 centaurs
  A bullfrog (D:7)
  A kobold brigand (D:7)
  A gnoll sergeant (D:9)
  A necrophage (D:5)
  4 wights (D:8)
  A hound (D:5)
  A gnoll bouda (D:6)
  3 iguanas
  An orc wizard (D:7)
  An orc (D:7)
  2 fungi (D:5)
  A plant (D:5)
32 creatures vanquished.

Grand Total: 235 creatures vanquished

Notes
Turn   | Place    | Note
-------+----------+-------------------------------------------
     0 | D:1      | funnyparkerb the Felid Summoner began the quest for the
                  | Orb.
     0 | D:1      | Reached XP level 1. HP: 7/7 MP: 4/4
   763 | D:1      | Reached XP level 2. HP: 9/11 MP: 4/6
   766 | D:1      | Learned a level 2 spell: Call Imp
   906 | D:1      | You fall into a shaft and drop 1 floor!
  1281 | D:1      | Found Musuin's Distillery.
  1351 | D:1      | Found a faded altar of an unknown god.
  1806 | D:2      | Reached XP level 3. HP: 14/14 MP: 1/8
  1810 | D:2      | Learned a level 3 spell: Call Canine Familiar
  2466 | D:2      | Reached XP level 4. HP: 18/18 MP: 4/9
  2921 | D:3      | Reached skill level 5 in Summonings
  3216 | D:3      | Found a shimmering altar of Xom.
  3216 | D:3      | Found a sparkling altar of Nemelex Xobeh.
  3360 | D:3      | Learned a level 3 spell: Summon Guardian Golem
  3399 | D:3      | Reached skill level 1 in Hexes
  3399 | D:3      | Reached XP level 5. HP: 21/21 MP: 9/11
  3587 | D:4      | Killed from afar by an orc priest
  3588 | D:4      | Reached XP level 4. HP: -8/18 MP: 5/10
  3638 | D:4      | Found a basalt altar of Yredelemnul.
  4108 | D:4      | Noticed a scorpion
  4121 | D:4      | Killed a scorpion
  4122 | D:4      | Reached XP level 5. HP: 21/21 MP: 8/12
  4166 | D:4      | Found an opulent altar of Gozag.
  4178 | D:4      | Became a worshipper of Gozag Ym Sagoz the Greedy
  4930 | D:4      | Gained mutation: You are covered in thick fur. (AC +2)
                  | [Felid growth]
  4930 | D:4      | Reached XP level 6. HP: 21/24 MP: 8/13
  5817 | D:5      | Entered Level 5 of the Dungeon
  5823 | D:5      | Learned a level 4 spell: Summon Lightning Spire
  5862 | D:5      | Found a runed translucent gate.
  5863 | D:5      | Found a runed translucent gate.
  5939 | D:5      | Found a runed translucent gate.
  5947 | D:5      | Noticed jamesblauser's ghost (amateur DjNe)
  6372 | D:5      | Reached skill level 1 in Fighting
  6372 | D:5      | Reached XP level 7. HP: 28/28 MP: 9/15
  6400 | D:5      | Reached skill level 1 in Air Magic
  6461 | D:5      | Found a sacrificial altar of Ru.
  6462 | D:5      | Found a blossoming altar of Fedhas.
  6572 | D:5      | Reached skill level 5 in Hexes
  7127 | D:6      | Found a burning altar of Makhleb.
  7138 | D:6      | Noticed a steam dragon
  7470 | D:6      | Killed a steam dragon
  7471 | D:6      | Reached skill level 5 in Spellcasting
  7500 | D:6      | Reached XP level 8. HP: 25/34 MP: 6/16
  8143 | D:6      | Identified the +1 dagger of Conversion {antimagic, *Slow
                  | Str+2 Int+3}
  8320 | D:6      | Reached skill level 5 in Dodging
  9024 | D:7      | Found a staircase to the Ecumenical Temple.
  9057 | D:7      | Slain by a wyvern
  9058 | D:7      | Reached XP level 7. HP: -5/31 MP: 9/16
  9118 | D:6      | Reached XP level 8. HP: 2/36 MP: 8/17
 10433 | D:7      | Found Maur's Antique Weapon Emporium.
 10685 | D:8      | Reached XP level 9. HP: 23/39 MP: 5/19
 11071 | D:8      | Reached skill level 5 in Fighting
 12097 | D:9      | Reached skill level 5 in Air Magic
 12269 | D:9      | Found a flagged portal.
 12393 | D:9      | Reached XP level 10. HP: 34/45 MP: 1/21
 12603 | D:9      | Killed by an exploding themself... ignited by their inner
                  | flame
 12604 | D:9      | Reached XP level 9. HP: -8/41 MP: 15/20
 12776 | D:9      | Noticed a boulder beetle
 12878 | D:9      | Killed a boulder beetle
 13122 | D:9      | Found a staircase to the Orcish Mines.
 13464 | D:9      | Found an ancient bone altar of Kikubaaqudgha.
 13549 | D:9      | Noticed a two-headed ogre
 13563 | D:9      | Killed a two-headed ogre
 13564 | D:9      | Reached XP level 10. HP: 46/46 MP: 12/22
 13639 | D:9      | Found a white marble altar of Elyvilon.
 13715 | D:10     | Entered Level 10 of the Dungeon
 14169 | D:10     | Found a staircase to the Lair.
 14249 | D:10     | Found a shadowy altar of Dithmenos.
 14356 | D:10     | Noticed Nergalle
 14366 | D:10     | HP: 1/44 [orc warrior/+0 glaive (16)]
 14370 | D:10     | Demolished by an orc warrior

Illustrated notes

Levels and vault maps discovered:
D:1:      psy_arrival_whirlpool, layout_loops_ring, serial_shops,
          nicolae_square_shop, serial_co_window_serial, co_window_paths_a,
          co_window_of_opportunity_a, co_window_corner_a,
          co_window_of_opportunity_a, co_window_corner_a, co_window_corner_b,
          co_window_of_opportunity_c, co_window_broadway_a, co_window_corner_cb,
          co_window_2corner, glass_columns_b, glass_columns_a, glass_columns_a,
          glass_columns_c, glass_columns_c,
          hellmonk_ecumenical_altar_heavens_door
D:2:      layout_basic, minmay_heptomino_d4
D:3:      layout_loops_ring, nicolae_overflow_two_pavilions,
          chequers_serial_rivers_room_a, minmay_strange_pillars,
          corexii_corridor_pit
D:4:      layout_loops_corners, nicolae_gozag_seed_capital,
          mainiacjoe_overflow_small_starburst
D:5:      layout_loops_ring, gammafunk_temple_overflow_statue,
          gammafunk_ghost_nasty_kobolds
D:6:      layout_rooms, bloody_makhleb, portal_sewer_entry_f, st_stairs_2,
          kennysheep_generic_room_16
D:7:      layout_basic, minmay_temple_entry_ruins, serial_shops,
          nicolae_shop_waterfront
D:8:      layout_rooms, solitary_fountain
D:9:      layout_roguey, lemuel_coloured_pillars_altar,
          mainiacjoe_overflow_alcove_4, orc_david_3, enter_bailey_2
D:10:     layout_basic, mainiacjoe_overflow_tiny_flanked, led_sif_pool,
          erik_lair_island, minmay_misc_feat_rugged, uniq_nergalle

Skill      XL: |  1  2  3  4  5  6  7  8  9 |
---------------+----------------------------+-----
Spellcasting   | 3 4 5 6 7 |  7.9
Summonings     | 5 6 7 9 |  9.3
Hexes          | 3 4 5 |  5.0
Dodging        | 3 4 6 9 |  9.6
Fighting       | 1 2 4 6 |  6.9
Air Magic      | 2 4 6 |  6.3
Stealth        | |  2.6

Action                   |  1- 3 |  4- 6 |  7- 9 | 10-12 || total
-------------------------+-------+-------+-------+-------++-------
Melee: Unarmed           |    64 |    30 |   136 |     3 ||   233
       Bite              |     5 |     3 |    17 |     2 ||    27
       Punch             |     1 |       |     2 |       ||     3
 Cast: Summon Small Mamm |    19 |       |       |       ||    19
       Call Imp          |    18 |    10 |    19 |     3 ||    50
       Call Canine Famil |     6 |    35 |    76 |     5 ||   122
       Summon Guardian G |       |    10 |    56 |    12 ||    78
       Summon Lightning  |       |       |    23 |    11 ||    34
  Use: Potion            |       |     2 |       |     1 ||     3
       Scroll            |       |       |       |     1 ||     1
 Stab: Sleeping          |     3 |       |       |       ||     3
       Distracted        |       |       |     2 |       ||     2
Armor: Skin              |     4 |     4 |    14 |     1 ||    23
Dodge: Dodged            |    64 |    50 |   203 |    17 ||   334
Block: Other             |       |       |     2 |     2 ||     4
